 Dungeon Crawl Stone Soup version 0.29.1-13-g9f3cf754e1 (webtiles) character file.

Game seed: 8754200542291143661

37 Vulpanium the Trooper (level 3, 0/29 HPs)
             Began as a Human Chaos Knight on Jan 21, 2023.
             Was a Plaything of Xom.
             Slain by a worm (5 damage)
             ... on level 2 of the Dungeon.
             The game lasted 00:05:22 (1250 turns).

Vulpanium the Trooper (Human Chaos Knight)          Turns: 1250, Time: 00:05:23

Health: 0/29       AC:  5    Str: 14    XL:     3   Next: 62%
Magic:  3/3        EV:  7    Int: 12    God:    Xom [....*.]
Gold:   38         SH: 10    Dex: 12    Spells: 2/2 levels left

rFire   . . .      SeeInvis .   a - +0 hand axe (chaos)
rCold   . . .      Faith    .   d - +0 tower shield
rNeg    . . .      Spirit   .   b - +2 leather armour
rPois   +          Reflect  .   (no helmet)
rElec   .          Harm     .   (no cloak)
rCorr   .          Rampage  .   (no gloves)
Will    .....                   (no boots)
Stlth   +.........              (no amulet)
HPRegen 0.09/turn               g - ring of poison resistance
MPRegen 0.08/turn               (no ring)

@: weak-willed
A: no striking features
a: Renounce Religion


You were on level 2 of the Dungeon.
You worshipped Xom.
You were a beloved toy of Xom.
You visited 1 branch of the dungeon, and saw 2 of its levels.

You collected 38 gold pieces.

Inventory:

Hand Weapons
 a - a +0 hand axe of chaos (weapon)
Armour
 b - a +2 leather armour (worn)
 d - a +0 tower shield (worn)
Jewellery
 g - a ring of poison resistance (left hand)
Scrolls
 h - a scroll of magic mapping {unknown}
Potions
 f - a potion of cancellation
 j - a potion of brilliance {unknown}
Miscellaneous
 c - a piece from Xom's chessboard (14/15) (quivered)


   Skills:
 + Level 3.5 Fighting
 + Level 3.4 Axes
 + Level 2.3 Armour
 - Level 1.0 Dodging
 + Level 0.3 Stealth
 * Level 0.9 Shields


You had 2 spell levels left.
You didn't know any spells.
Your spell library was empty.

Dungeon Overview and Level Annotations

Branches:
Dungeon (2/15)

Altars:


Message History

The worm bites you.
You barely miss the worm.
The worm is heavily wounded.
You block the worm's attack.
You hit the worm but do no damage.
The worm is heavily wounded.
The worm closely misses you.
You hit the worm but do no damage.
The worm is moving more slowly.
The worm is heavily wounded.
The worm bites you.
* * * LOW HITPOINT WARNING * * *
You hit the worm.
The worm seems to speed up.
The worm is heavily wounded.
You block the worm's attack.
You catch the helpless worm completely off-guard!
You hit the worm. You burn the worm.
The worm is severely wounded.
The worm bites you.
* * * LOW HITPOINT WARNING * * *
You block the worm's attack.
You slash the worm!
The worm flickers and vanishes!
Deactivating autopickup; reactivate with Ctrl-A.
Xom thinks this is hilarious!
Okay, then.
You make a move on Xom's chessboard...
Nothing appears to happen.
Okay, then.
As you read the scroll labelled BOUNOT UHUHICAE, it crumbles to dust.
Magic quickly surges around you.
It was a scroll of vulnerability.
You barely miss something. You hit something.
Nothing appears to happen.
You closely miss something. You slash something! You barely miss something.
You barely miss something. You hit something. You hit something.
Something bites you.
* * * LOW HITPOINT WARNING * * *
Something bites you.
You die... "It was about time."

### #.. .# ##.####
#..#.#
###.###.#....
#.....
...........##
....#####.###...##
.....# ##.## #.##.#
#.# #.##.###.# #.#
#@{......# ##'##
####.#######...##
##.# ##.....##
##..# ##.......#
##...####.........
#.......'.........
##...####.........
##.)# ##.......#
#####.######.....##


There were no monsters in sight!

Vanquished Creatures
  A gnoll (D:1)
  3 ball pythons
  3 endoplasms
  A giant cockroach (D:1)
  3 hobgoblins
  3 bats (D:1)
  3 frilled lizards (D:1)
  4 goblins (D:1)
  3 kobolds
  2 rats (D:1)
26 creatures vanquished.

Vanquished Creatures (collateral kills)
  A ball python (D:1)
1 creature vanquished.

Vanquished Creatures (others)
  A bat zombie (D:1)
1 creature vanquished.

Grand Total: 28 creatures vanquished

Notes
Turn   | Place    | Note
-------+----------+-------------------------------------------
     0 | D:1      | Vulpanium the Human Chaos Knight began the quest for the
                  | Orb.
     0 | D:1      | Reached XP level 1. HP: 18/18 MP: 1/1
   102 | D:1      | XOM: silly message
   245 | D:1      | Reached XP level 2. HP: 17/24 MP: 2/2
   553 | D:1      | Reached XP level 3. HP: 29/29 MP: 3/3
   678 | D:1      | XOM: 3-stop teleportation journey
  1031 | D:2      | XOM: 7-stop teleportation journey
  1250 | D:2      | Slain by a worm

Illustrated notes

Levels and vault maps discovered:
D:1:      lightli_arrival_statue_moat, layout_basic
D:2:      layout_loops_corners, minmay_tiny_reverse_x

Action                   || total
-------------------------++-------
Melee: Hand axe          ||    88
       Punch             ||     1
Evoke: Piece from Xom's  ||     1
  Use: Potion            ||     3
       Scroll            ||     2
 Stab: Confused          ||     1
       Petrifying        ||     2
       Sleeping          ||     2
Armor: Leather armour    ||    26
Dodge: Dodged            ||    38
Block: Tower shield      ||    40
